 Dungeon Crawl Stone Soup version 0.16.2-12-gd0ad4c3 (webtiles) character file.

1079 Ishikawa the Magician (level 8, -2/56 HPs)
             Began as a Mummy Wizard on Oct 27, 2015.
             Was an Initiate of Kikubaaqudgha.
             Slain by a giant frog (8 damage)
             ... on level 6 of the Dungeon.
             The game lasted 00:26:54 (5908 turns).

Ishikawa the Magician (Mummy Wizard)                Turns: 5908, Time: 00:26:54

Health: -2/56      AC:  3    Str: 10    XL:     8   Next: 8%
Magic:  15/29      EV: 12    Int: 19    God:    Kikubaaqudgha [......]
Gold:   181        SH:  0    Dex: 10    Spells: 5 memorised, 6 levels left

rFire  . . .     SeeInvis .     z - +2 hand axe (flame)
rCold  + + .     Clarity  .     t - +0 robe {rC+}
rNeg   + + +     SustAb   .     (no shield)
rPois  ∞         Gourm    .     b - +0 hat
rElec  .         Spirit   .     s - +0 cloak
rCorr  .         Warding  .     (no gloves)
rMut   .         Stasis   .     (no boots)
MR     +....                    (no amulet)
Stlth  ++........               k - ring of protection from fire
                                h - ring of magical power

@: very slightly contaminated, somewhat resistant to hostile enchantments,
unstealthy
A: no food or potions, fire vulnerability, restore body, cold resistance 1,
negative energy resistance 3, poison resistance, torment resistance, unbreathing
a: Renounce Religion


You were on level 6 of the Dungeon.
You worshipped Kikubaaqudgha.
Kikubaaqudgha was noncommittal.
You were not hungry.

You visited 2 branches of the dungeon, and saw 7 of its levels.

You collected 181 gold pieces.

Inventory:

Hand weapons
 d - a +0 mace
 l - a +0 club
 r - a +3 quarterstaff of chaos
 z - a +2 hand axe of flaming (weapon)
Armour
 b - a +0 hat (worn)
 f - a +2 shield
 s - a +0 cloak (worn)
 t - a +0 robe of cold resistance (worn)
 x - a +0 buckler
Jewellery
 e - a +3 ring of evasion
 h - a ring of magical power (left hand)
 k - a ring of protection from fire (right hand)
 o - an uncursed ring of positive energy
Magical devices
 q - a wand of polymorph (6)
 u - a wand of magic darts (1)
Scrolls
 a - 2 scrolls of blinking {unknown}
 g - 2 scrolls of identify {unknown}
 i - 3 scrolls of recharging {unknown}
 j - a scroll of amnesia {unknown}
 m - 3 scrolls of remove curse {unknown}
 n - a scroll of immolation {unknown}
 p - a scroll of random uselessness {unknown}
 w - 2 scrolls of teleportation {unknown}
Books
 c - a book of Minor Magic

   Spells                             Type                      Level
   a - Magic Dart                     Conjuration                  1
   b - Blink                          Translocation                2
   c - Call Imp                       Summoning                    2
   d - Repel Missiles                 Charms/Air                   2
   e - Slow                           Hexes                        2
   f - Conjure Flame                  Conjuration/Fire             3
   g - Mephitic Cloud                 Conjuration/Poison/Air       3
 v - a book of Cantrips

   Spells                             Type                      Level
   a - Corona                         Hexes                        1
   b - Animate Skeleton               Necromancy                   1
   c - Summon Small Mammal            Summoning                    1
   d - Apportation                    Translocation                1
 y - a book of the Earth

   Spells                             Type                      Level
   a - Leda's Liquefaction            Hexes/Earth                  4
   b - Bolt of Magma                  Conjuration/Fire/Earth       5
   c - Statue Form                    Transmutation/Earth          6
   d - Iron Shot                      Conjuration/Earth            6
   e - Shatter                        Earth                        9


   Skills:
 - Level 2.0 Fighting
 - Level 1.5 Dodging
 - Level 1.5 Stealth
 + Level 1.5 Shields
 + Level 5.0 Spellcasting
 + Level 3.0 Conjurations
 + Level 3.1 Summonings
 + Level 1.1 Necromancy
 - Level 2.0 Translocations
 + Level 1.7 Fire Magic
 - Level 2.0 Air Magic
 - Level 2.0 Poison Magic


You had 6 spell levels left.
You knew the following spells:

 Your Spells              Type           Power        Failure   Level  Hunger
a - Magic Dart            Conj           ###.         4%          1    N/A
b - Call Imp              Summ           ###.....     8%          2    N/A
c - Mephitic Cloud        Conj/Pois/Air  ##......     14%         3    N/A
d - Conjure Flame         Conj/Fire      ##......     14%         3    N/A
e - Blink                 Tloc           N/A          10%         2    N/A

Dungeon Overview and Level Annotations

Branches:
Dungeon (6/15)             Temple (1/1) D:5

Altars:
Cheibriados
Elyvilon
Fedhas
Kikubaaqudgha
Makhleb
Nemelex Xobeh
Okawaru
Ru
Sif Muna
Trog
Yredelemnul
Zin
The Shining One


Innate Abilities, Weirdness & Mutations

You do not eat or drink.
Your flesh is vulnerable to fire.
Your flesh is cold resistant.
You are immune to negative energy.
Your system is resistant to poisons.
You are immune to unholy pain and torment.
You can survive without breathing.


Message History

Your Spellcasting skill increases to level 5!
Your Conjurations skill increases to level 3!
Your Necromancy skill increases to level 1!
You have reached level 8!
You feel a bit more experienced.
g - 2 scrolls labeled BLUM IGEOMPATIA (gained 1)
Found 19 gold pieces.
A giant frog comes into view.
The giant frog croaks.
Casting: Mephitic Cloud
Confirm with . or Enter, or press ? or * to list all spells.
Aiming: Mephitic Cloud
Press: ? - help, Shift-Dir - straight line, f - giant frog
Aim: a giant frog You miscast Mephitic Cloud.
You are very lightly contaminated with residual magic.
Wisps of poison gas drift from your hands.
The giant frog hits you!
You die...
Kikubaaqudgha rasps: "You have failed me!
Welcome... oblivion!"

###
############# ..
#....... ...# .#
#......####.##.#
#........##.F@$#
#......#....####
#....#.####....#
#......# #.##.#
###.##......# #
#..######## ##.#
#.# ####### #.#
#.....#


You could see a giant frog.

Vanquished Creatures
  Grinder (D:6)
  A phantom (D:5)
  2 ogres
  Duvessa (D:4)
  A giant frog (D:6)
  A scorpion (D:5)
  A giant frog zombie (D:5)
  Dowan (D:4)
  2 hounds
  A crimson imp (D:5)
  An orc wizard (D:6)
  2 worker ants
  Natasha (D:4)
  An orc priest (D:4)
  3 iguanas
  2 hound skeletons (D:5)
  4 adders
  3 gnolls (D:3)
  A worm (D:2)
  4 giant geckos
  An ooze (D:4)
  7 orcs
  3 ball pythons
  8 bats
  A bat skeleton (D:5)
  5 giant cockroaches
  8 hobgoblins
  4 quokkas
  6 giant newts
  7 goblins
  7 jackals
  A jackal zombie (D:6)
  5 kobolds
  16 rats
  A fungus (D:3)
114 creatures vanquished.

Vanquished Creatures (collateral kills)
  Sigmund (D:2)
  Crazy Yiuf (D:3)
  An orc priest (D:4)
  Robin (D:2)
  A gnoll (D:3)
  A white imp (D:4)
  2 worms
  2 oozes
  An orc (D:4)
  3 hobgoblins (D:2)
  A giant cockroach (D:2)
  5 goblins (D:2)
20 creatures vanquished.

Vanquished Creatures (others)
  4 crimson imps
  2 iron imps
  A shadow imp (D:5)
  4 white imps
11 creatures vanquished.

Grand Total: 145 creatures vanquished

Notes
Turn   | Place    | Note
--------------------------------------------------------------
     0 | D:1      | Ishikawa, the Mummy Wizard, began the quest for the Orb.
     0 | D:1      | Reached XP level 1. HP: 13/13 MP: 4/4
   125 | D:1      | Reached skill level 1 in Conjurations
   395 | D:1      | Reached XP level 2. HP: 20/20 MP: 4/6
   399 | D:1      | Learned a level 2 spell: Call Imp
   584 | D:1      | Reached skill level 1 in Fighting
  1093 | D:2      | Reached skill level 1 in Summonings
  1304 | D:2      | Reached XP level 3. HP: 8/26 MP: 1/8
  1323 | D:2      | Learned a level 3 spell: Mephitic Cloud
  1506 | D:2      | Noticed Robin
  1717 | D:2      | You fall through a shaft for 2 floors!
  2186 | D:3      | Reached XP level 4. HP: 19/32 MP: 8/10
  2355 | D:3      | Learned a level 3 spell: Conjure Flame
  3004 | D:3      | Noticed Crazy Yiuf
  3016 | D:3      | Killed Crazy Yiuf
  3016 | D:3      | Reached XP level 5. HP: 38/38 MP: 8/12
  3155 | D:2      | Killed Robin
  3155 | D:2      | Reached skill level 1 in Poison Magic
  3210 | D:2      | Noticed Sigmund
  3261 | D:2      | Learned a level 2 spell: Blink
  3288 | D:2      | Killed Sigmund
  3288 | D:2      | Reached skill level 4 in Spellcasting
  3288 | D:2      | Reached skill level 1 in Translocations
  3288 | D:2      | Reached skill level 1 in Air Magic
  3785 | D:4      | Noticed Dowan
  3793 | D:4      | Noticed Duvessa
  3818 | D:4      | Killed Duvessa
  3818 | D:4      | Reached XP level 6. HP: 11/44 MP: 5/15
  4027 | D:4      | Killed Dowan
  4254 | D:4      | Noticed an ogre
  4276 | D:4      | Killed an ogre
  4276 | D:4      | Reached XP level 7. HP: 50/50 MP: 16/17
  4361 | D:4      | Noticed Natasha
  4376 | D:4      | Killed Natasha
  4595 | D:5      | Entered Level 5 of the Dungeon
  4758 | D:5      | Found a staircase to the Ecumenical Temple.
  4762 | Temple   | Entered the Ecumenical Temple
  4814 | Temple   | Became a worshipper of Kikubaaqudgha
  4899 | D:5      | Reached skill level 1 in Fire Magic
  5114 | D:5      | Found a glowing silver altar of Zin.
  5233 | D:5      | Reached skill level 1 in Shields
  5835 | D:6      | Noticed Grinder
  5835 | D:6      | Paralysed by Grinder for 2 turns
  5839 | D:6      | Paralysed by Grinder for 4 turns
  5875 | D:6      | HP: 1/50 [orc warrior/glaive (15)]
  5899 | D:6      | Killed Grinder
  5899 | D:6      | Reached skill level 5 in Spellcasting
  5899 | D:6      | Reached skill level 1 in Necromancy
  5899 | D:6      | Reached XP level 8. HP: 5/56 MP: 16/20
  5908 | D:6      | Slain by a giant frog

Action                   |  1- 3 |  4- 6 |  7- 9 || total
-------------------------+-------+-------+-------++-------
Melee: Unarmed           |     3 |       |       ||     3
       Short sword       |     8 |       |       ||     8
       Club              |    64 |    90 |       ||   154
       Mace              |       |    37 |    75 ||   112
       Hand axe          |       |       |     7 ||     7
 Cast: Magic Dart        |    71 |    80 |    43 ||   194
       Call Imp          |    13 |    15 |    29 ||    57
       Mephitic Cloud    |     5 |    25 |    16 ||    46
       Conjure Flame     |       |       |     3 ||     3
       Blink             |       |       |     3 ||     3
 Stab: Sleeping          |     1 |       |       ||     1
       Confused          |     1 |     9 |     4 ||    14
       Distracted        |     1 |       |       ||     1
